 Dungeon Crawl Stone Soup version 0.30.1-4-g462c640d31 (webtiles) character file.

Game seed: 15547941491703536312

1936 croobank the Ruffian (level 8, -10/71 HPs)
             Began as an Armataur Transmuter on Aug 26, 2023.
             Was an Initiate of Gozag.
             Mangled by Joseph
             ... wielding a +0 quarterstaff
              (19 damage)
             ... on level 8 of the Dungeon.
             The game lasted 00:16:50 (6919 turns).

croobank the Ruffian (Armataur Transmuter)          Turns: 6919, Time: 00:16:50

Health: -10/71     AC:  9    Str: 27    XL:     8   Next: 97%
Magic:  11/14      EV: 10    Int: 18    God:    Gozag
Gold:   332        SH:  5    Dex: 11    Spells: 13/16 levels left

rFire   . . .        p - +7 whip of the Gibberer {spect, rC+}
rCold   . . .        (no shield)
rNeg    . . .        m - +0 ring mail of Doym {Harm rC- Str+5 Int+3}
rPois   .            (helmet currently unavailable)
rElec   .            N - +0 cloak
rCorr   .            o - +2 pair of gloves
SInv    .            (no barding)
Will    .....        J - amulet of reflection
Stlth   +            j - ring of wizardry
HPRegen 0.31/turn    y - +6 ring of strength
MPRegen 0.14/turn

%: harm (+30% outgoing, +20% incoming), reflection, roll, wizardry (x1)
@: appendages, wereblooded
A: horns 2, talons 2, large, rugged brown scales 3, deformed body, armoured
tail, roll, long tongue, awkward tongue
a: End Transformation, Renounce Religion, Potion Petition, Call Merchant, Bribe
Branch


You were on level 8 of the Dungeon.
You worshipped Gozag.
Gozag was aware of your devotion.
You had temporarily grown beastly horns and talons.
You visited 2 branches of the dungeon, and saw 9 of its levels.

You collected 531 gold pieces.
You spent 110 gold pieces at shops.
You paid 89 gold pieces to Gozag.

Inventory:

Hand Weapons
 a - a +0 dagger
 b - a +0 sling
 k - a +0 war axe of chaos
 l - a +2 halberd of protection
 p - the +7 whip of the Gibberer (weapon) {spect, rC+}
   (You found it on level 5 of the Dungeon)

   rC:        It protects you from cold.
 q - a +1 scimitar of electrocution
 E - a +2 dagger of draining
 L - a +2 dagger of chaos
Missiles
 d - 5 datura-tipped darts
 w - 6 poisoned darts
Armour
 e - a +0 robe
 m - the +0 ring mail of Doym (worn) {Harm rC- Str+5 Int+3}
   (You found it on level 5 of the Dungeon)

   Str:       It affects your strength (+5).
   Int:       It affects your intelligence (+3).
   rC:        It makes you vulnerable to cold.
   Harm:      It increases damage dealt and taken.
 o - a +2 pair of gloves (worn)
 u - a +0 kite shield
 v - a +0 leather armour
 D - the +5 kite shield "Tontulupuyw" {Harm Will- Int+3 Slay+5}
   (You found it on level 5 of the Dungeon)

   Int:       It affects your intelligence (+3).
   Slay:      It affects your accuracy & damage with ranged weapons and melee
   (+5).
   Harm:      It increases damage dealt and taken.
   Will:      It decreases your willpower.
 M - a +2 robe of cold resistance
 N - a +0 cloak (worn)
Jewellery
 c - a ring of ice
 j - a ring of wizardry (left hand)
 r - a ring of willpower
 y - a +6 ring of strength (right hand)
 G - a ring of fire
 J - an amulet of reflection (around neck)
Wands
 s - a wand of paralysis (10) (quivered)
 t - a wand of flame (14)
 z - a wand of roots (8)
 A - a wand of polymorph (13)
Scrolls
 i - a scroll of poison
 n - a scroll of fear
 B - 4 scrolls of teleportation
 C - 2 scrolls of identify
 F - 2 scrolls of enchant armour
 H - a scroll of fog
Potions
 f - 2 potions of berserk rage
 g - 5 potions of curing
 h - 3 potions of lignification
 x - 3 potions of heal wounds
 I - a potion of attraction
 K - a potion of brilliance {unknown}


   Skills:
 - Level 4.5 Fighting
 - Level 2.5 Maces & Flails
 + Level 1.1 Armour
 - Level 4.0 Dodging
 + Level 1.0 Shields
 - Level 5.0 Unarmed Combat
 - Level 4.5 Spellcasting
 - Level 4.8 Transmutations


You had 13 spell levels left.
You knew the following spells:

 Your Spells              Type           Power      Damage    Failure   Level
a - Beastly Appendage     Tmut           42%        N/A       1%          1
b - Wereblood             Tmut           21%        N/A       1%          2

Your spell library contained the following spells:

 Spells                   Type           Power      Damage    Failure   Level
 Kiss of Death            Conj/Necr      16%        2d6       9%          1
 Necrotise                Necr           16%        1d4       9%          1
 Spider Form              Tmut/Pois      12%        N/A       9%          3
 Ozocubu's Armour         Ice            4%         N/A       24%         3
 Summon Guardian Golem    Hex/Summ       4%         N/A       24%         3
 Vhi's Electric Charge    Tloc/Air       8%         N/A       24%         3
 Ice Form                 Ice/Tmut       12%        N/A       28%         4
 Arcjolt                  Conj/Air       2%         1d12      89%         5
 Metabolic Englaciation   Hex/Ice        2%         N/A       89%         5
 Eringya's Noxious Bog    Tmut/Pois      6%         N/A       98%         6
 Plasma Beam              Fire/Air       2%         2x1d13    100%        6
 Orb of Destruction       Conj           2%         9d5       100%        7
 Spellforged Servitor     Conj/Summ      2%         N/A       100%        7
 Simulacrum               Ice/Necr       Unusable   N/A       N/A         6

Dungeon Overview and Level Annotations

Branches:
Dungeon (8/15)             Temple (1/1) D:6
   Lair: D:8-11

Altars:
Ashenzari
Cheibriados
Dithmenos
Elyvilon
Fedhas
Gozag
Hepliaklqana
Kikubaaqudgha
Makhleb
Nemelex Xobeh
Okawaru
Qazlal
Ru
Sif Muna
Trog
Uskayaw
Vehumet
Wu Jian
Xom
Yredelemnul
Zin
The Shining One

Shops:
D:1 *

Annotations:
D:7 1 runed translucent door, Crazy Yiuf
D:8 Joseph


Innate Abilities, Weirdness & Mutations

You have temporarily grown beastly horns and talons.
You are completely covered in rugged brown scales. (AC +3, +7% HP)
Armour fits poorly on your strangely shaped body.
You have a long armoured tail.
You roll when moving toward enemies. (Rampage)
Your long tongue fully drains potion bottles. (2x potion effects)
Your tongue gives you trouble enunciating. (1.5x scroll delay)


Message History

a +0 club; a +0 robe; a +0 flail You howl as the wereblood boils in your veins!
You now have 317 gold pieces (gained 10).
Things that are here:
a +0 club; a +0 flail
There is an open door, spattered with blood here.
Things that are here:
a +0 club; a +0 robe; a +0 flail Your primal bloodlust is almost over.
You see here a +0 whip.
You see here a +0 club.
Your horns disappear.
Your talons disappear.
You howl as the wereblood boils in your veins!
You howl as the wereblood boils in your veins!
Your primal bloodlust has ended.
g - 5 potions of curing (gained 1)
You now have 332 gold pieces (gained 15).
You hit the plant.
The plant begins to die.
The plant is lightly damaged.
Your +7 whip of the Gibberer {spect, rC+} hits the plant.
Your +7 whip of the Gibberer {spect, rC+} disappears.
You enter the shallow water.
A nearby plant withers and dies.
You enter the shallow water.
Joseph, a Mercenary comes into view.
He is wielding a +0 quarterstaff and wearing a +0 leather armour of fire resistance.
Joseph unwields a +0 quarterstaff.
Joseph wields a +0 sling.
Joseph shoots a sling bullet.
The sling bullet hits you!
Joseph shoots a sling bullet.
The sling bullet hits you!!
Casting: Wereblood (safe; 1% risk of failure)
Confirm with . or Enter, or press ? or * to list all spells.
You grow a pair of large bovine horns.
Your feet morph into talons.
Casting: Beastly Appendage (safe; 1% risk of failure)
Confirm with . or Enter, or press ? or * to list all spells.
Your blood is infused with primal strength.
Joseph shoots a sling bullet.
The sling bullet hits you!
Joseph unwields a +0 sling.
Joseph wields a +0 quarterstaff.
Joseph hits you with a +0 quarterstaff!
* * * LOW HITPOINT WARNING * * *
Joseph hits you with a +0 quarterstaff!
You die...
Your body crumbles into a pile of gold.

........... ..
..........# .. $
......♣P.♣♣ #.
......♣♣~P♣ #.
.....♣♣♣~P♣ #.##
....♣♣♣P.♣♣ ..###
..♣♣♣
♣~~♣♣♣♣♣♣#...#
..~.♣♣♣~.~P~♣PP#@#
#..~~~~.~~~~~~..@#
##P.~~.~~~♣~P♣P###
#♣♣♣♣♣.~~♣♣♣♣♣#
♣P~♣♣ ♣~.♣ ♣~~♣
♣♣.♣ #.#
#####....#


You could see Joseph.

Vanquished Creatures
  Psyche (D:8)
  Sigmund (D:4)
  Duvessa (D:6)
  A water moccasin (D:6)
  2 orc warriors
  2 black bears (D:5)
  A centaur (D:7)
  A phantom (D:7)
  A bullfrog (D:7)
  A gnoll sergeant (D:7)
  Dowan (D:6)
  A gnoll bouda (D:8)
  4 hounds
  A sleepcap (D:5)
  3 iguanas
  3 orc wizards
  12 gnolls
  6 adders
  A shadow imp (D:5)
  2 white imps
  An ufetubus (D:6)
  3 dart slugs
  A worm (D:5)
  15 orcs
  9 endoplasms
  3 giant cockroaches
  4 goblins
  8 hobgoblins
  2 jackals (D:3)
  10 kobolds
  6 quokkas
  5 ball pythons
  5 bats
  2 frilled lizards
  3 rats
123 creatures vanquished.

Notes
Turn   | Place    | Note
-------+----------+-------------------------------------------
     0 | D:1      | croobank the Armataur Transmuter began the quest for the
                  | Orb.
     0 | D:1      | Reached XP level 1. HP: 16/16 MP: 3/3
    83 | D:1      | Found a faded altar of an unknown god.
    88 | D:1      | Reached skill level 1 in Fighting
   213 | D:1      | Reached XP level 2. HP: 23/24 MP: 2/4
   297 | D:1      | Found Koot's General Store.
   987 | D:2      | Learned a level 2 spell: Wereblood
  1001 | D:2      | You fall into a shaft and drop 1 floor!
  1287 | D:2      | Reached skill level 3 in Unarmed Combat
  1287 | D:2      | Reached XP level 3. HP: 26/29 MP: 0/6
  1378 | D:2      | Found a shimmering blue altar of Sif Muna.
  1909 | D:3      | Reached XP level 4. HP: 26/37 MP: 2/7
  2426 | D:3      | Found an ornate altar of the Wu Jian Council.
  2571 | D:4      | Noticed Sigmund
  2582 | D:4      | Killed Sigmund
  2583 | D:4      | Reached XP level 5. HP: 44/44 MP: 7/9
  2591 | D:4      | Reached XP level 6. HP: 53/53 MP: 4/10
  3279 | D:4      | Got the Folio of Macabre Contamination
  3377 | D:4      | Identified the +2 short sword of Cavoth {spect, rN++ Dex+3}
  3523 | D:5      | Entered Level 5 of the Dungeon
  3557 | D:5      | Identified the +0 ring mail of Doym {Harm rC- Str+5 Int+3}
  3679 | D:5      | Identified the +7 whip of the Gibberer {spect, rC+}
  3760 | D:5      | Found a shimmering blue altar of Sif Muna.
  3806 | D:5      | Reached skill level 4 in Unarmed Combat
  3808 | D:5      | Reached XP level 7. HP: 60/60 MP: 8/11
  4538 | D:5      | Identified the +5 kite shield "Tontulupuyw" {Harm Will-
                  | Int+3 Slay+5}
  4580 | D:6      | Noticed Duvessa
  4581 | D:6      | Noticed Dowan
  4586 | D:6      | Killed Duvessa
  4589 | D:6      | Killed Dowan
  4835 | D:6      | Reached XP level 8. HP: 54/70 MP: 10/13
  4911 | D:6      | Found a sparkling altar of Nemelex Xobeh.
  4914 | D:6      | Found a radiant altar of Vehumet.
  5234 | D:6      | Found a staircase to the Ecumenical Temple.
  5243 | Temple   | Entered the Ecumenical Temple
  5339 | Temple   | Became a worshipper of Gozag Ym Sagoz the Greedy
  5482 | D:6      | Found a hazy altar of Hepliaklqana.
  5482 | D:6      | Found a hide-covered altar of Uskayaw.
  5617 | D:1      | Bought a scroll of fog for 40 gold pieces
  5617 | D:1      | Bought 2 scrolls of identify for 40 gold pieces
  5617 | D:1      | Bought a potion of attraction for 30 gold pieces
  5931 | D:7      | Reached skill level 5 in Unarmed Combat
  5982 | D:7      | Found a runed translucent door.
  5983 | D:7      | Noticed Crazy Yiuf
  6297 | D:7      | Reached skill level 1 in Maces & Flails
  6774 | D:8      | Noticed Psyche
  6777 | D:8      | Killed Psyche
  6865 | D:8      | Reached skill level 1 in Armour
  6866 | D:8      | Reached skill level 1 in Shields
  6912 | D:8      | Noticed Joseph
  6919 | D:8      | Mangled by Joseph

Illustrated notes

Levels and vault maps discovered:
D:1:      psy_arrival_radial02, layout_loops_ring,
          hellmonk_ecumenical_altar_run_dry, serial_shops, shop
D:2:      layout_rooms, basic_altar, nicolae_eternal_life
D:3:      layout_loops_ring, lemuel_crystal_altar, hex_large
D:4:      layout_gridville, minmay_diced_spiral, uniq_sigmund
D:5:      layout_basic, kennysheep_little_box, hangedman_decor_clover_reticule
D:6:      layout_cave_pools, jmf_multi_god_temple,
          gammafunk_temple_overflow_pools, minmay_temple_entry_antechambers,
          minmay_misc_feat_roman, nicolae_benzene_ring, uniq_duvessa
D:7:      layout_basic, uniq_crazy_yiuf_cottage
D:8:      layout_basic, hellmonk_lair_entry_icy, serial_bayou_crossing,
          uniq_joseph, uniq_psyche
Temple:   minmay_temple_bridge_d

Skill      XL: |  1  2  3  4  5  6  7  8 |
---------------+-------------------------+-----
Fighting       | 1 2 3 4 |  4.5
Transmutations | 2 3 4 |  4.8
Spellcasting   | 2 3 4 |  4.5
Unarmed Combat | 3 4 5 |  5.0
Dodging        | 2 3 4 |  4.0
Maces & Flails | 2 |  2.5
Armour         | 1 |  1.1
Shields        | 1 |  1.0

Action                     |  1- 3 |  4- 6 |  7- 9 || total
---------------------------+-------+-------+-------++-------
  Melee: Unarmed           |    18 |       |       ||    18
         Kick              |    15 |    14 |    19 ||    48
         Headbutt          |    12 |    15 |     6 ||    33
         Dagger            |   102 |   105 |       ||   207
         Tailslap          |     8 |    12 |     8 ||    28
         Whip              |       |     7 |    80 ||    87
         Punch             |       |     1 |       ||     1
   Cast: Beastly Appendage |    24 |    15 |    22 ||    61
         Wereblood         |    10 |    16 |    20 ||    46
  Evoke: Wand              |       |     1 |       ||     1
    Use: Scroll            |       |     9 |     6 ||    15
         Potion            |       |       |     1 ||     1
   Stab: Sleeping          |     1 |       |       ||     1
         Paralysed         |       |     8 |       ||     8
 Armour: Robe              |    35 |    40 |       ||    75
         Ring mail         |       |       |    14 ||    14
  Dodge: Dodged            |    32 |    55 |    17 ||   104
  Block: Other             |       |       |     1 ||     1
